 Dungeon Crawl Stone Soup version 0.19-a0-1632-g69b3feb (webtiles) character file.

1710 Amciq the Ruffian (level 8, -3/79 HPs)
             Began as a Troll Monk on Sept 19, 2016.
             Slain by a killer bee (8 damage)
             ... on level 7 of the Dungeon.
             The game lasted 00:18:01 (4221 turns).

Amciq the Ruffian (Troll Monk)                      Turns: 4221, Time: 00:18:02

Health: -3/79      AC:  6    Str: 21    XL:     8   Next: 74%
Magic:  7/7        EV: 12    Int:  6    God:
Gold:   329        SH:  0    Dex: 13    Spells: 0 memorised, 7 levels left

rFire  . . .     SeeInvis .       - Unarmed
rCold  . . .     Gourm    +     a - +0 robe
rNeg   . . .     Faith    .     (no shield)
rPois  .         Spirit   .     (helmet restricted)
rElec  .         Dismiss  .     (no cloak)
rCorr  .         Reflect  .     (gloves unavailable)
MR     +....     Harm     .     (boots unavailable)
Stlth  +.........               (no amulet)
                                (no ring)
                                o - ring of protection from magic

@: no status effects
A: unfitting armour, claws 3, icy blue scales 1, blurry vision 1, deformed body,
fast metabolism 3, gourmand, regeneration 1, shaggy fur 1, tough skin 2
a: no special abilities


You were on level 7 of the Dungeon.
You were completely stuffed.

You visited 1 branch of the dungeon, and saw 7 of its levels.

You collected 329 gold pieces.

Inventory:

Missiles
 h - 76 stones (quivered)
Armour
 a - a +0 robe (worn)
Jewellery
 o - a ring of protection from magic (left claw)
 q - an uncursed ring of poison resistance {unknown}
Scrolls
 e - a scroll of random uselessness {unknown}
 f - 2 scrolls of remove curse
 i - a scroll of enchant weapon {unknown}
 k - 4 scrolls of identify
 n - a scroll of magic mapping
 p - 3 scrolls of fog {unknown}
Potions
 g - a potion of agility
 r - a potion of mutation
Comestibles
 b - 10 bread rations
 c - 2 meat rations
 j - 2 beef jerkies
 l - a slice of pizza


   Skills:
 + Level 4.8 Fighting
 + Level 4.0 Throwing
 + Level 4.0 Armour
 + Level 4.8 Dodging
 - Level 1.1 Stealth
 + Level 5.9 Unarmed Combat


You had 7 spell levels left.
You didn't know any spells.

Dungeon Overview and Level Annotations

Branches:
Dungeon (7/15)
 Temple: D:4-7

Altars:

Shops:
D:6 }


Innate Abilities, Weirdness & Mutations

You are too large for most types of armour.
You have claws for hands.
Your metabolism is lightning-fast.
You like to eat raw meat.
Your natural rate of healing is unusually fast.
You are covered in fur. (AC +1)
You have very tough skin. (AC +2)
You are partially covered in icy blue scales. (AC +2)
Scrolls take you a little longer to read.
Armour fits poorly on your strangely shaped body.


Message History

The killer bee stings you but does no damage.
You open the door. The killer bee barely misses you. The killer bee misses you.
The orc warrior hits you but does no damage.
The killer bee stings you but does no damage.
The killer bee closely misses you. The killer bee closely misses you.
There is an open door here.
You are too injured to fight recklessly!
You are too injured to fight recklessly!
You are too injured to fight recklessly!
You are too injured to fight recklessly!
You are too injured to fight recklessly!
You claw the killer bee!
The killer bee is heavily wounded.
The killer bee stings you but does no damage.
Really read with blurry vision while enemies are nearby?
Uppercase [Y]es or [N]o only, please.
Really read with blurry vision while enemies are nearby?
The killer bee misses you. The killer bee stings you!
You die...

###### #....#
#....##+#####
#...........#
#.<.........##
####.....o.......
#......y.ooo......
#....#####y#####.
#.... #y@y...#
#.... #......#
#>.. ##.##### ####
###


You could see an orc warrior, 3 killer bees, an orc wizard and 2 orcs.

Vanquished Creatures
  The ghost of Amciq the Cudgeler, an amateur TrMo (D:5)
  Sigmund (D:5)
  A sky beast (D:5)
  An ogre (D:5)
  2 centaurs
  4 bullfrogs
  A howler monkey (D:5)
  2 hounds (D:5)
  5 orc priests (D:4)
  A jelly (D:5)
  4 orc wizards
  2 bullfrog skeletons
  Ijyb (D:3)
  2 worker ants
  9 adders
  A shadow imp (D:5)
  An adder skeleton (D:4)
  4 worms
  2 dart slugs
  2 leopard geckos
  10 orcs
  13 bats
  4 giant cockroaches
  6 goblins
  7 hobgoblins
  9 jackals
  8 kobolds
  2 quokkas
  A ball python (D:5)
  8 frilled lizards
  A quokka zombie (D:5)
  8 rats
124 creatures vanquished.

Notes
Turn   | Place    | Note
-------+----------+-------------------------------------------
     0 | D:1      | Amciq the Troll Monk began the quest for the Orb.
     0 | D:1      | Reached XP level 1. HP: 22/22 MP: 0/0
    60 | D:1      | Reached XP level 2. HP: 29/29 MP: 1/1
   421 | D:1      | Reached XP level 3. HP: 36/36 MP: 2/2
   983 | D:2      | Reached skill level 1 in Armour
  1080 | D:2      | Reached XP level 4. HP: 36/44 MP: 3/3
  1429 | D:3      | Reached skill level 1 in Throwing
  1474 | D:3      | Noticed a centaur
  1483 | D:3      | Killed a centaur
  1483 | D:3      | Reached XP level 5. HP: 9/53 MP: 4/4
  1992 | D:3      | Noticed Ijyb
  2003 | D:3      | Killed Ijyb
  2003 | D:3      | Reached skill level 4 in Unarmed Combat
  2361 | D:4      | Reached XP level 6. HP: 56/61 MP: 5/5
  2949 | D:4      | Reached XP level 7. HP: 67/67 MP: 6/6
  3099 | D:5      | Entered Level 5 of the Dungeon
  3269 | D:5      | Noticed Sigmund
  3302 | D:5      | Killed Sigmund
  3302 | D:5      | Reached skill level 5 in Unarmed Combat
  3563 | D:5      | Noticed Amciq's ghost (amateur TrMo)
  3573 | D:5      | Gained mutation: You are partially covered in icy blue scales. (AC +2) [potion of mutation]
  3573 | D:5      | Gained mutation: Armour fits poorly on your strangely shaped body. [potion of mutation]
  3573 | D:5      | Gained mutation: Scrolls take you a little longer to read. [potion of mutation]
  3582 | D:5      | Killed Amciq's ghost
  3582 | D:5      | Reached XP level 8. HP: 36/79 MP: 7/7
  4072 | D:6      | Found Uliron's Gadget Shoppe.
  4201 | D:6      | HP: 1/79 [ogre/giant club (16)]
  4214 | D:7      | HP: 1/79 [orc warrior/halberd (18)]
  4221 | D:7      | Slain by a killer bee

Vault maps used:
D:1:      saegor_arrival_simple_c
D:3:      uniq_iyjb
D:4:      first_bread
D:5:      uniq_sigmund
D:6:      gammafunk_temple_overflow_elements, serial_shops,
          nicolae_shop_crystal, serial_park_tiny_pond,
          nicolae_dithmenos_through_a_glass_darkly
D:7:      makhleb_blood_cavern_becter, minivault_1

Skill      XL: |  1  2  3  4  5  6  7  8 |
---------------+-------------------------+-----
Armour         | 1 2 3 4 |  4.0
Dodging        | 3 4 |  4.8
Fighting       | 3 4 |  4.8
Throwing       | 1 2 3 4 |  4.0
Unarmed Combat | 4 5 |  5.9
Stealth        | |  1.1

Action                   |  1- 3 |  4- 6 |  7- 9 || total
-------------------------+-------+-------+-------++-------
Melee: Unarmed           |    83 |   118 |   143 ||   344
       Punch             |       |       |     1 ||     1
Throw: Stone             |   100 |   103 |     2 ||   205
  Use: Scroll            |       |     7 |       ||     7
       Potion            |       |       |     7 ||     7
 Stab: Sleeping          |     2 |     1 |       ||     3
  Eat: Chunk             |    11 |    17 |    16 ||    44
Armor: Robe              |    37 |    31 |    35 ||   103
Dodge: Dodged            |    59 |    49 |    83 ||   191
